PA
YELLOWKNIFE DRAGONBLOOD @ PHOENIX HOTSPUR U-21
08/18/2029
 
TOP OF THE 1ST
Yellowknife Dragonblood batting - Pitching for Phoenix Hotspur U-21 : RHP Masahiro Sakei
Pitching: RHP Masahiro Sakei
Batting: RHB Bill Boyd 0-0: SOLO HOME RUN (Flyball, 78XD), Distance : 432 ft
Batting: LHB Takahiro Suzuki 0-0: Ball
1-0: Foul Ball, location: 2F
1-1: Foul Ball, location: 2F
1-2: Ball
2-2: Ball
3-2: Base on Balls
Batting: RHB Riley Walker 0-0: Ball
1-0: SINGLE (Line Drive, 9S)
Takahiro Suzuki to second
Runner from 2nd tries for 3rd, SAFE, no throw
Batting: RHB Gilberto Clemente 0-0: Called Strike
0-1: Swinging Strike
0-2: Ball
1-2: Foul Ball, location: 2F
1-2: Strikes out looking
Batting: LHB Santiago Miranda 0-0: SINGLE (Groundball, 4) (infield hit)
Takahiro Suzuki scores
Riley Walker to second
Batting: RHB Cristo Cuervo 0-0: Ball
1-0: Foul Ball, location: 2F
1-1: Foul Ball, location: 2F
1-2: Foul Ball, location: 2F
1-2: SINGLE (Flyball, 8LS)
Riley Walker to third
Santiago Miranda to second
Runner from 3rd tries for Home, throw and OUT!
Batting: RHB Rob Ingram 0-0: Called Strike
0-1: Ball
1-1: SINGLE (Flyball, 9LS)
Santiago Miranda to third
Cristo Cuervo to second
Batting: RHB Víctor Cuevas 0-0: Ball
1-0: Called Strike
1-1: Ball
2-1: SINGLE (Flyball, 7LS)
Santiago Miranda scores
Cristo Cuervo to third
Rob Ingram to second
Runner from 3rd tries for Home, SAFE, no throw
Batting: RHB Andy Garnet 0-0: Ball
1-0: Foul Ball, location: 2F
1-1: Swinging Strike
1-2: Strikes out swinging
Top of the 1st over - 4 runs, 6 hits, 0 errors, 2 left on base; Yellowknife 4 - Phoenix 0
BOTTOM OF THE 1ST
Phoenix Hotspur U-21 batting - Pitching for Yellowknife Dragonblood : RHP Kliment Spirk
Pitching: RHP Kliment Spirk
Batting: LHB Damian Alldred 0-0: Ball
1-0: Ball
2-0: Called Strike
2-1: Swinging Strike
2-2: Foul Ball, location: 2F
2-2: Ball
3-2: Base on Balls
Batting: LHB Mark Detamore 0-0: Ball
1-0: Ball
2-0: Reached on error, E4 (Groundball, 4S)
Damian Alldred to third
Batting: LHB Jason DeGeorge 0-0: Ground out 6-3 (Groundball, 6M)
Damian Alldred scores
Mark Detamore to third
Batting: LHB Tyler Kinjeketile 0-0: Called Strike
0-1: Ball
1-1: Ground out 4-3 (Groundball, 4)
Mark Detamore scores
Batting: RHB Sinfronio Vitor 0-0: Ball
1-0: Called Strike
1-1: Ball
2-1: Ball
3-1: Called Strike
3-2: Base on Balls
Batting: RHB Jim Justice 0-0: Ball
1-0: Swinging Strike
1-1: Foul Ball, location: 2F
1-2: Fly out, F7 (Flyball, 7)
Bottom of the 1st over - 2 runs, 0 hits, 1 error, 1 left on base; Yellowknife 4 - Phoenix 2
TOP OF THE 2ND
Yellowknife Dragonblood batting - Pitching for Phoenix Hotspur U-21 : RHP Masahiro Sakei
Batting: RHB Bill Boyd 0-0: Foul Ball, location: 2F
0-1: Ball
1-1: Foul Ball, location: 2F
1-2: Ball
2-2: Ground out 6-3 (Groundball, 6S)
Batting: LHB Takahiro Suzuki 0-0: Ground out 4-3 (Groundball, 4)
Batting: RHB Riley Walker 0-0: Called Strike
0-1: Ball
1-1: Ground out 1-3 (Groundball, 13S)
Top of the 2nd over - 0 runs, 0 hits, 0 errors, 0 left on base; Yellowknife 4 - Phoenix 2
BOTTOM OF THE 2ND
Phoenix Hotspur U-21 batting - Pitching for Yellowknife Dragonblood : RHP Kliment Spirk
Batting: RHB Bill Erickson 0-0: Ball
1-0: Ground out 3-1 (Groundball, 34S)
Batting: RHB Braylen Sampson 0-0: Called Strike
0-1: Swinging Strike
0-2: Strikes out swinging
Batting: RHB Juan Vigil 0-0: Ball
1-0: Foul Ball, location: 2F
1-1: Ball
2-1: Ground out 6-3 (Groundball, 56)
Bottom of the 2nd over - 0 runs, 0 hits, 0 errors, 0 left on base; Yellowknife 4 - Phoenix 2
TOP OF THE 3RD
Yellowknife Dragonblood batting - Pitching for Phoenix Hotspur U-21 : RHP Masahiro Sakei
Batting: RHB Gilberto Clemente 0-0: Foul Ball, location: 2F
0-1: Ball
1-1: Called Strike
1-2: Ball
2-2: Strikes out swinging
Batting: LHB Santiago Miranda 0-0: Ball
1-0: Called Strike
1-1: Called Strike
1-2: Strikes out swinging
Batting: RHB Cristo Cuervo 0-0: Ball
1-0: Ball
2-0: Fly out, F6 (Popup, 4MD)
Top of the 3rd over - 0 runs, 0 hits, 0 errors, 0 left on base; Yellowknife 4 - Phoenix 2
BOTTOM OF THE 3RD
Phoenix Hotspur U-21 batting - Pitching for Yellowknife Dragonblood : RHP Kliment Spirk
Batting: LHB Damian Alldred 0-0: Ball
1-0: Ground out 5-3 (Groundball, 5)
Batting: LHB Mark Detamore 0-0: Ball
1-0: SINGLE (Groundball, 4MD)
Batting: LHB Jason DeGeorge 0-0: Ball
1-0: Called Strike
1-1: Ball
2-1: Foul Ball, location: 2F
2-2: Ball
3-2: Foul Ball, location: 2F
3-2: Strikes out looking
Batting: LHB Tyler Kinjeketile 0-0: Ball
1-0: Called Strike
1-1: Fielders Choice at 2nd, 6-4 (Groundball, 6)
Bottom of the 3rd over - 0 runs, 1 hit, 0 errors, 1 left on base; Yellowknife 4 - Phoenix 2
TOP OF THE 4TH
Yellowknife Dragonblood batting - Pitching for Phoenix Hotspur U-21 : RHP Masahiro Sakei
Batting: RHB Rob Ingram 0-0: Ball
1-0: Foul Ball, location: 2F
1-1: Called Strike
1-2: Foul Ball, location: 2F
1-2: Ball
2-2: Foul Ball, location: 2F
2-2: Strikes out looking
Batting: RHB Víctor Cuevas 0-0: SINGLE (Flyball, 9LS)
Batting: RHB Andy Garnet 0-0: Foul Ball, location: 2F
0-1: Foul Ball, location: 2F
0-2: Ball
1-2: Ball
Víctor Cuevas is caught stealing 2nd base
2-2: Foul Ball, location: 2F
2-2: Strikes out swinging
Top of the 4th over - 0 runs, 1 hit, 0 errors, 0 left on base; Yellowknife 4 - Phoenix 2
BOTTOM OF THE 4TH
Phoenix Hotspur U-21 batting - Pitching for Yellowknife Dragonblood : RHP Kliment Spirk
Batting: RHB Sinfronio Vitor 0-0: Ball
1-0: Ball
2-0: Ball
3-0: Base on Balls
Batting: RHB Jim Justice 0-0: Ball
1-0: Ball
2-0: Swinging Strike
2-1: Swinging Strike
2-2: Foul Ball, location: 2F
2-2: Ball
3-2: Base on Balls
Sinfronio Vitor to second
Pitching: RHP Shang-de Fu
Batting: RHB Bill Erickson 0-0: Foul Ball, location: 2F
0-1: Grounds out, U3 (Groundball, 3L)
Sinfronio Vitor to third
Batting: RHB Braylen Sampson 0-0: Foul Ball, location: 2F
0-1: Called Strike
0-2: Ball
1-2: Ball
2-2: Ball
3-2: Fly out, F9 (Flyball, 89M)
Runner from 3rd tags up, SCORES, throw made
Batting: RHB Juan Vigil 0-0: Called Strike
0-1: SINGLE (Line Drive, 4D)
Jim Justice to third
Runner from 3rd tries for Home, throw and OUT!
Bottom of the 4th over - 1 run, 1 hit, 0 errors, 1 left on base; Yellowknife 4 - Phoenix 3
TOP OF THE 5TH
Yellowknife Dragonblood batting - Pitching for Phoenix Hotspur U-21 : RHP Masahiro Sakei
Batting: RHB Bill Boyd 0-0: Bunt for hit - play at first, batter safe!
Batting: LHB Takahiro Suzuki 0-0: Ball
1-0: Sac Bunt - play at first, batter OUT! 1-4
Bill Boyd to second
Batting: RHB Riley Walker 0-0: Called Strike
0-1: Called Strike
0-2: Ball
1-2: Strikes out swinging
Batting: RHB Gilberto Clemente 0-0: Called Strike
0-1: Swinging Strike
0-2: Ball
1-2: Ground out 6-3 (Groundball, 6M)
Top of the 5th over - 0 runs, 1 hit, 0 errors, 1 left on base; Yellowknife 4 - Phoenix 3
BOTTOM OF THE 5TH
Phoenix Hotspur U-21 batting - Pitching for Yellowknife Dragonblood : RHP Shang-de Fu
Batting: LHB Damian Alldred 0-0: Foul Ball, location: 2F
0-1: Foul Ball, location: 2F
0-2: Ball
1-2: Ball
2-2: Ball
3-2: Ground out 4-3 (Groundball, 4)
Batting: LHB Mark Detamore 0-0: Swinging Strike
0-1: Swinging Strike
0-2: Strikes out swinging
Batting: LHB Jason DeGeorge 0-0: Foul Ball, location: 2F
0-1: Called Strike
0-2: Ball
1-2: Strikes out swinging
Bottom of the 5th over - 0 runs, 0 hits, 0 errors, 0 left on base; Yellowknife 4 - Phoenix 3
TOP OF THE 6TH
Yellowknife Dragonblood batting - Pitching for Phoenix Hotspur U-21 : RHP Masahiro Sakei
Batting: LHB Santiago Miranda 0-0: Called Strike
0-1: DOUBLE (Line Drive, 89D)
Batting: RHB Cristo Cuervo 0-0: Fly out, F7 (Flyball, 7)
Batting: RHB Rob Ingram 0-0: Called Strike
0-1: Ball
1-1: Swinging Strike
1-2: Ground out 6-3 (Groundball, 6MD)
Santiago Miranda to third
Batting: RHB Víctor Cuevas 0-0: Swinging Strike
0-1: Called Strike
0-2: Ball
Wild Pitch!
Santiago Miranda scores
1-2: Ball
2-2: Strikes out looking
Top of the 6th over - 1 run, 1 hit, 0 errors, 0 left on base; Yellowknife 5 - Phoenix 3
BOTTOM OF THE 6TH
Phoenix Hotspur U-21 batting - Pitching for Yellowknife Dragonblood : RHP Shang-de Fu
Batting: LHB Tyler Kinjeketile 0-0: Foul Ball, location: 2F
0-1: Fly out, F8 (Flyball, 8RD)
Batting: RHB Sinfronio Vitor 0-0: Ball
1-0: Foul Ball, location: 2F
1-1: Ball
2-1: Called Strike
2-2: Ball
3-2: Strikes out looking
Batting: RHB Jim Justice 0-0: Ground out 3-1 (Groundball, 34)
Bottom of the 6th over - 0 runs, 0 hits, 0 errors, 0 left on base; Yellowknife 5 - Phoenix 3
TOP OF THE 7TH
Yellowknife Dragonblood batting - Pitching for Phoenix Hotspur U-21 : RHP Masahiro Sakei
Batting: RHB Andy Garnet 0-0: SINGLE (Flyball, 4D)
Batting: RHB Bill Boyd 0-0: Ball
1-0: Bunted foul
1-1: Bunted foul
1-2: Strikes out swinging
Batting: LHB Takahiro Suzuki 0-0: Called Strike
0-1: Ball
1-1: Swinging Strike
1-2: Strikes out looking
Batting: RHB Riley Walker 0-0: Called Strike
0-1: Ball
1-1: Foul Ball, location: 2F
1-2: Fielders Choice at 2nd, U4 (Groundball, 4M)
Top of the 7th over - 0 runs, 1 hit, 0 errors, 1 left on base; Yellowknife 5 - Phoenix 3
BOTTOM OF THE 7TH
Phoenix Hotspur U-21 batting - Pitching for Yellowknife Dragonblood : RHP Shang-de Fu
Batting: RHB Bill Erickson 0-0: Ball
1-0: Called Strike
1-1: Foul Ball, location: 2F
1-2: Fly out, F7 (Flyball, 7D)
Batting: RHB Braylen Sampson 0-0: Called Strike
0-1: Ball
1-1: Ball
2-1: Swinging Strike
2-2: Ball
3-2: Strikes out swinging
Batting: RHB Juan Vigil 0-0: Ball
1-0: Called Strike
1-1: Foul Ball, location: 2F
1-2: Ball
2-2: Ball
3-2: Ground out 3-1 (Groundball, 34S)
Bottom of the 7th over - 0 runs, 0 hits, 0 errors, 0 left on base; Yellowknife 5 - Phoenix 3
TOP OF THE 8TH
Yellowknife Dragonblood batting - Pitching for Phoenix Hotspur U-21 : RHP Masahiro Sakei
Batting: RHB Gilberto Clemente 0-0: SINGLE (Groundball, 6MD)
Batting: LHB Santiago Miranda 0-0: Ball
1-0: Called Strike
1-1: Ball
2-1: Foul Ball, location: 2F
2-2: Fly out, F4 (Line Drive, 4M)
Batting: RHB Cristo Cuervo 0-0: Ball
1-0: Swinging Strike
1-1: Called Strike
1-2: Strikes out swinging
Batting: RHB Rob Ingram 0-0: Swinging Strike
0-1: Ball
1-1: Swinging Strike
1-2: Ball
2-2: Strikes out swinging
Top of the 8th over - 0 runs, 1 hit, 0 errors, 1 left on base; Yellowknife 5 - Phoenix 3
BOTTOM OF THE 8TH
Phoenix Hotspur U-21 batting - Pitching for Yellowknife Dragonblood : RHP Shang-de Fu
Batting: LHB Damian Alldred 0-0: Ball
1-0: Ground out 4-3 (Groundball, 34)
Batting: LHB Mark Detamore 0-0: SINGLE (Line Drive, 34D)
Batting: LHB Jason DeGeorge 0-0: Ball
1-0: Ground out 4-3 (Groundball, 4S)
Mark Detamore to second
Batting: LHB Tyler Kinjeketile 0-0: Called Strike
0-1: Called Strike
0-2: Foul Ball, location: 2F
0-2: Ground out 1-3 (Groundball, P)
Bottom of the 8th over - 0 runs, 1 hit, 0 errors, 1 left on base; Yellowknife 5 - Phoenix 3
TOP OF THE 9TH
Yellowknife Dragonblood batting - Pitching for Phoenix Hotspur U-21 : RHP Masahiro Sakei
Batting: RHB Víctor Cuevas 0-0: Ball
1-0: Ball
2-0: Foul Ball, location: 2F
2-1: Called Strike
2-2: Strikes out swinging
Pitching: RHP Leon von Stroheim
Batting: RHB Andy Garnet 0-0: Called Strike
0-1: Swinging Strike
0-2: Ball
1-2: Fly out, F9 (Flyball, 9S)
Batting: RHB Bill Boyd 0-0: Ball
1-0: Ball
2-0: Called Strike
2-1: Foul Ball, location: 2F
2-2: Strikes out swinging
Top of the 9th over - 0 runs, 0 hits, 0 errors, 0 left on base; Yellowknife 5 - Phoenix 3
BOTTOM OF THE 9TH
Phoenix Hotspur U-21 batting - Pitching for Yellowknife Dragonblood : RHP Shang-de Fu
Batting: RHB Sinfronio Vitor 0-0: Ball
1-0: Ball
2-0: Called Strike
2-1: Ball
3-1: Called Strike
3-2: SOLO HOME RUN (Line Drive, 7LD), Distance : 360 ft
Batting: RHB Jim Justice 0-0: Ball
1-0: Foul Ball, location: 2F
1-1: Swinging Strike
1-2: Ball
2-2: SINGLE (Groundball, 4MD)
Pitching: RHP Shusaku Kobayashi
Batting: RHB Bill Erickson 0-0: Sac Bunt - play at first, batter OUT! 2-4
Jim Justice to second
Pinch Hitting: RHB Juan Negrete 0-0: Ball
1-0: Ball
2-0: Ball
3-0: Called Strike
3-1: Foul Ball, location: 2F
3-2: Base on Balls
Pinch Hitting: RHB Dale Everest 0-0: Called Strike
0-1: Ball
1-1: Ball
2-1: Ball
3-1: Base on Balls
Jim Justice to third
Juan Negrete to second
Batting: LHB Damian Alldred 0-0: Called Strike
0-1: Ball
1-1: Grounds into fielders choice 5-2 (Groundball, 25)
Juan Negrete to third
Dale Everest to second
Batting: LHB Mark Detamore 0-0: Ball
1-0: Called Strike
1-1: Foul Ball, location: 2F
1-2: Ground out 4-3 (Groundball, 4)
Bottom of the 9th over - 1 run, 2 hits, 0 errors, 3 left on base; Yellowknife 5 - Phoenix 4
Tuesday, December 19th, 2017 - OOTP Baseball 18.8 Build 76